 Dungeon Crawl Stone Soup version bcrawl-1.28.1b (webtiles) character file.

Game seed: 3415818106162734437

494195 LostNumber the Warrior (level 15, -1/141 HPs)
             Began as a Hill Orc Archaeologist on Dec 5, 2020.
             Was the Champion of Nemelex Xobeh.
             Killed from afar by a salamander mystic (19 damage)
             ... with an orb of energy
             ... on level 1 of the Snake Pit.
             The game lasted 00:30:44 (22206 turns).

LostNumber the Warrior (Hill Orc Archaeologist)    Turns: 22206, Time: 00:30:44

Health: -1/141     AC: 25    Str: 29    XL:     15   Next: 71%
Magic:  25/25      EV:  8    Int: 14    God:    Nemelex Xobeh [******]
Gold:   2455       SH: 12    Dex:  9    Spells: 14/14 levels left

rFire    . . .     SeeInvis .   t - +1 war axe (flame)
rCold    + . .     Gourm    .   S - +0 medium shield
rNeg     . . .     Faith    .   f - +4 plate armour {rC+}
rPois    +         Spirit   .   H - +1 hat
rElec    .         Reflect  .   l - +0 cloak
rCorr    .         Harm     .   K - +1 pair of gloves
MR       +....                  P - +1 pair of boots
Stlth    ..........             G - amulet of the acrobat
HPRegen  0.33/turn              y - +8 ring of strength
MPRegen  0.19/turn              C - ring of poison resistance

@: lethally poisoned (-1 -> -6)
A: no striking features
a: Draw Escape, Draw Destruction, Draw Summoning, Triple Draw, Deal Four, Stack
Five, Renounce Religion


You were on level 1 of the Snake Pit.
You worshipped Nemelex Xobeh.
Nemelex Xobeh was exalted by your worship.
You were near starving.

You visited 5 branches of the dungeon, and saw 21 of its levels.
You also visited: Bailey.

You collected 2455 gold pieces.

Inventory:

Hand Weapons
 i - a +5 flail
   (You took it off a wight on level 10 of the Dungeon)
 q - a +1 broad axe
   (You took it off a death knight on level 12 of the Dungeon)
 t - a +1 war axe of flaming (weapon)
   (You took it off an orc knight on level 10 of the Dungeon)
 R - a +2 trident of venom
   (You took it off Harold on level 1 of the Lair of Beasts)
Missiles
 J - 4 throwing nets {=f!f}
Armour
 f - a +4 plate armour of cold resistance (worn)
   (You acquired it on level 2 of the Dungeon)
 l - a +0 cloak (worn)
   (You found it on level 1 of the Snake Pit)
 H - a +1 hat (worn)
 K - a +1 pair of gloves (worn)
   (You found it on level 12 of the Dungeon)
 P - a +1 pair of boots (worn)
 S - a +0 medium shield (worn)
   (You took it off Harold on level 1 of the Lair of Beasts)
Jewellery
 y - a +8 ring of strength (left hand)
   (You took it off a kobold on level 3 of the Dungeon)
 C - a ring of poison resistance (right hand)
   (You found it on level 6 of the Dungeon)
 G - an amulet of the acrobat (around neck)
   (You found it on level 6 of the Dungeon)
 W - an uncursed amulet of guardian spirit {unknown}
   (You found it on level 4 of the Lair of Beasts)
 X - a +7 ring of intelligence {unknown}
   (You found it on level 5 of the Lair of Beasts)
Wands
 c - a wand of disintegration (6)
   (You found it on level 3 of the Lair of Beasts)
 d - a wand of iceblast (16)
   (You found it on level 9 of the Dungeon)
 v - a wand of digging (5)
   (You found it on level 7 of the Dungeon)
 x - a wand of acid (22)
   (You found it on level 3 of the Dungeon)
 E - a wand of polymorph (26)
   (You found it on level 5 of the Dungeon)
 T - a wand of clouds (5)
   (You found it on level 4 of the Lair of Beasts)
Scrolls
 g - 4 scrolls of magic mapping
 h - 9 scrolls of remove curse {@r2}
 j - a scroll of enchant weapon
 k - 4 scrolls of immolation {!r}
 n - 2 scrolls of amnesia
 o - 4 scrolls of teleportation {@r4}
 s - 5 scrolls of enchant armour
 Q - 4 scrolls of blinking
Potions
 m - a potion of berserk rage {unknown}
 p - a potion of ambrosia
 r - 7 potions of haste {@q3}
 u - 7 potions of curing {@q1}
 w - a potion of lignification {unknown}
 z - 2 potions of flight
 A - 3 potions of might {unknown}
 D - 5 potions of heal wounds {@q2}
 L - 3 potions of mutation {!q}
 M - a potion of invisibility
 O - 3 potions of agility
 U - 2 potions of resistance
 Z - a potion of magic
Miscellaneous
 a - a sack of spiders
   (You found it on level 6 of the Lair of Beasts)
 b - a lamp of fire
   (You found it on level 6 of the Lair of Beasts)
Comestibles
 e - 30 rations {!d!d}


   Skills:
 * Level 15.5 Fighting
   Level 15.5 Short Blades
   Level 15.5 Long Blades
   Level 15.5 Axes
   Level 15.5 Maces & Flails
   Level 15.5 Polearms
   Level 15.5 Staves
 - Level 10.0 Armour
 - Level 7.0 Dodging
 - Level 2.6 Stealth
 + Level 9.7 Shields
   Level 15.5 Unarmed Combat
 + Level 14.6 Invocations
 + Level 7.3 Evocations


You had 14 spell levels left.
You didn't know any spells.
Your spell library contained the following spells:

 Spells                   Type           Power        Failure   Level  Hunger
 Animate Skeleton         Necr           N/A          100%        1    None
 Magic Dart               Conj           #...         100%        1    None
 Pain                     Necr           #.....       100%        1    None
 Blink                    Tloc           N/A          100%        2    ####...
 Call Imp                 Summ           #.....       100%        2    ####...
 Confuse                  Hex            #.......     100%        3    #####..
 Conjure Flame            Conj/Fire      #.......     100%        3    #####..
 Dazzling Orbs            Conj/Hex       #......      100%        3    #####..
 Mephitic Cloud           Conj/Pois/Air  #.......     100%        3    #####..
 Recall                   Summ/Tloc      N/A          100%        3    #####..
 Regeneration             Chrm/Necr      #.........   100%        3    #####..
 Spider Form              Tmut/Pois      #..          100%        3    #####..
 Vampiric Draining        Necr           #.........   100%        3    #####..
 Animate Dead             Necr           N/A          100%        4    ######.
 Petrify                  Tmut/Erth      #.........   100%        4    ######.
 Yara's Violent Unravell  Hex/Tmut       #.........   100%        4    ######.
 Bolt of Draining         Conj/Necr      #.........   100%        5    #######
 Metabolic Englaciation   Hex/Ice        #.........   100%        5    #######
 Borgnjor's Vile Clutch   Necr/Erth      #.........   100%        6    #######
 Death Channel            Chrm/Necr      #.........   100%        6    #######
 Simulacrum               Ice/Necr       #.........   100%        6    #######
 Mana Rupture             Conj/Hex       #.........   100%        7    #######


Dungeon Overview and Level Annotations

Branches:
Dungeon (12/12)            Temple (1/1) D:5            Lair (6/6) D:8
 Shoals (0/3) Lair:2        Snake (1/3) Lair:2        Slime (0/5) Lair:6
    Orc (1/1) D:8          Vaults (0/3) D:12         Depths (0/5) D:12
    Elf: Orc:1

Altars:
Ashenzari
Cheibriados
Dithmenos
Elyvilon
Fedhas
Gozag
Hepliaklqana
Kikubaaqudgha
Lugonu
Makhleb
Nemelex Xobeh
Okawaru
Qazlal
Ru
Sif Muna
Trog
Uskayaw
Vehumet
Wu Jian
Xom
Yredelemnul
Zin
The Shining One
Jiyva

Shops:
D:9 (   Orc *

Annotations:
D:10 3 runed translucent doors, Quickbrownfox's ghost, journeyman FrVM
Lair:2 2 transporters, yrara's ghost, novice DsFi
Lair:3 1 runed translucent door, exclusion: oklob plant, Huasawuy's ghost, journeyman TrWz
Lair:5 exclusion: oklob plant Orc Erica; Urug


Message History

The black mamba hisses angrily.
You hit the salamander mystic.
The salamander mystic hits you but does no damage.
You block the salamander's attack.
You slash the salamander mystic!
The salamander mystic completely misses you.
You completely miss the salamander mystic.
The salamander hits you but does no damage.
The salamander shoots an arrow.
You block the arrow.
The salamander mystic hits you but does no damage.
You hit the salamander mystic but do no damage.
You block the salamander's attack.
The salamander shoots an arrow.
The arrow hits you! The arrow burns you.
You hit the salamander mystic but do no damage.
You barely miss the black mamba.
The salamander mystic hits you with a +0 quarterstaff.
You are engulfed in flames!!
* * * LOW HITPOINT WARNING * * *
The black mamba bites you!
* * * LOW HITPOINT WARNING * * *
You block the salamander's attack.
You are near starving!
You slash the salamander mystic! You miss the black mamba.
You block the black mamba's attack.
The salamander shoots an arrow.
The arrow hits you.
* * * LOW HITPOINT WARNING * * *
The salamander mystic casts a spell at you.
The bolt of magma hits you!
* * * LOW HITPOINT WARNING * * *
The black mamba bites you.
* * * LOW HITPOINT WARNING * * *
You are poisoned.
The black mamba poisons you!
The salamander hits you from afar with a +0 spear!
* * * LOW HITPOINT WARNING * * *
You are engulfed in flames!
* * * LOW HITPOINT WARNING * * *
You hit the salamander mystic. You miss the black mamba.
You feel sick. The black mamba barely misses you.
The salamander shoots an arrow.
The arrow hits you but does no damage.
You block the salamander mystic's attack.
The salamander hits you but does no damage.
Unknown command.
You hit the salamander mystic. You slash the black mamba!
You burn the black mamba.
You feel sick. You block the black mamba's attack.
The black mamba closely misses you.
The salamander mystic gestures at you while chanting.
The orb of energy hits you!!
You die...
Your body disappears without a glow.

##............
.............
............ ...........
....N.....++#
.......N..#.#
......)S..#.#
.##..N@..#.#
..#.....!#.############
.....#....[.............
....................####
...........##...........
...........+............
...#.#.....#......)รท....
..#.#.....#............ #
+........[.........


You could see a salamander mystic, 2 salamanders and a black mamba.

Vanquished Creatures
  A sphinx (Lair:2)
  An ironheart preserver (D:12)
  Josephine (Lair:4)
  Harold (Lair:1)
  A rakshasa (Snake:1)
  A merfolk avatar (Lair:6)
  A naga warrior (Snake:1)
  A death knight (D:12)
  6 hydras
  2 anacondas
  3 two-headed ogres
  4 centaur warriors
  A queen ant (Lair:4)
  A naga sharpshooter (Snake:1)
  3 death yaks (Lair:3)
  A sea snake (Lair:6)
  A skeletal warrior (D:12)
  2 cyclopes (D:12)
  A naga ritualist (Snake:1)
  A wizard (D:12)
  A lindwurm (Lair:6)
  A harpy (Lair:6)
  4 anaconda skeletons (Lair:2)
  2 orc knights
  2 deep elf magi (D:12)
  A mana viper (Snake:1)
  A necromancer (D:12)
  2 salamanders (Snake:1)
  3 ugly things
  2 manticores
  An orc sorcerer (D:12)
  14 elephants
  A merfolk siren (Lair:2)
  7 black mambas
  Joseph (Lair:1)
  4 cane toads
  A naga mage (D:12)
  2 gargoyles (D:12)
  9 komodo dragons
  3 centaur skeletons
  5 rime drakes
  2 freezing wraiths (D:12)
  A yaktaur (D:11)
  2 trolls
  3 tengu conjurers
  5 polar bears
  4 slime creatures
  A wind drake (Lair:6)
  Prince Ribbit (Lair:1)
  4 hornets (Lair:6)
  26 blink frogs
  Grinder (D:4)
  13 dream sheep
  6 hippogriffs
  Sigmund (D:4)
  2 shadows (D:12)
  A spriggan (shapeshifter) (D:11)
  3 wyverns
  4 basilisks
  7 wraiths
  21 yaks
  Grum (Lair:1)
  2 hungry ghosts
  2 vampire mosquitoes (D:12)
  A naga (Snake:1)
  9 soldier ants
  2 wargs (D:8)
  An acid dragon (D:12)
  10 water moccasins
  13 crocodiles
  12 porcupines
  Duvessa (D:4)
  19 orc warriors
  2 sky beasts
  An ice beast (D:8)
  4 black bears
  10 ogres
  2 phantoms
  11 wolves
  13 bullfrogs
  7 scorpions
  7 wights
  An electric eel (Lair:2)
  A howler monkey (D:7)
  8 centaur zombies
  6 crimson imps
  A bullfrog zombie (D:7)
  3 jellies
  2 hounds
  2 quasits
  2 bullfrog skeletons
  6 orc priests
  6 iguanas
  23 worker ants
  8 orc wizards
  2 hound skeletons
  11 gnolls
  A howler monkey skeleton (D:6)
  7 adders
  4 shadow imps
  An ooze (D:3)
  A worm (D:2)
  3 dart slugs
  2 leopard geckos (D:1)
  57 orcs
  4 giant cockroaches
  8 goblins
  17 hobgoblins
  6 jackals
  10 kobolds
  3 quokkas
  2 ball pythons
  5 bats
  4 frilled lizards
  5 rats (D:1)
561 creatures vanquished.

Vanquished Creatures (collateral kills)
  A hydra (Lair:1)
  5 elephants (Lair:6)
  A black mamba (Lair:6)
  A polar bear (Lair:6)
  3 yaks (Lair:6)
  An acid dragon (Lair:3)
  2 crocodiles
  2 water moccasins (Lair:6)
  A porcupine (Lair:3)
  5 wolves (Lair:3)
22 creatures vanquished.

Vanquished Creatures (others)
  A kobold demonologist (D:8)
  14 fungi
  5 plants
20 creatures vanquished.

Grand Total: 603 creatures vanquished

Notes
Turn   | Place    | Note
-------+----------+-------------------------------------------
     0 | D:1      | LostNumber the Hill Orc Archaeologist began the quest for
                  | the Orb.
     0 | D:1      | Reached XP level 1. HP: 16/16 MP: 1/1
   128 | D:1      | Reached skill level 2 in Fighting
   129 | D:1      | Reached XP level 2. HP: 18/24 MP: 2/2
   230 | D:1      | Reached skill level 1 in Armour
   465 | D:1      | Reached XP level 3. HP: 23/30 MP: 3/3
  1242 | D:2      | Noticed a scorpion
  1252 | D:2      | Reached skill level 9 in Fighting
  1252 | D:2      | Reached XP level 4. HP: 50/50 MP: 4/4
  1274 | D:2      | Reached XP level 5. HP: 41/57 MP: 5/5
  1274 | D:2      | Identified a scroll of acquirement
  1579 | D:2      | Found a shimmering altar of Xom.
  1976 | D:3      | Found a shattered altar of Ashenzari.
  1993 | D:3      | Noticed a bullfrog
  1997 | D:3      | Killed a bullfrog
  1998 | D:3      | Reached XP level 6. HP: 64/64 MP: 6/6
  2278 | D:3      | Found a burning altar of Makhleb.
  2309 | D:3      | Found a shattered altar of Ashenzari.
  2397 | D:3      | Found a shimmering blue altar of Sif Muna.
  2496 | D:3      | Found a glowing silver altar of Zin.
  2828 | D:4      | Noticed a sky beast
  2847 | D:4      | Killed a sky beast
  2848 | D:4      | Reached XP level 7. HP: 71/71 MP: 7/7
  2999 | D:4      | Noticed Grinder
  3008 | D:4      | Paralysed by Grinder for 2 turns
  3019 | D:4      | Killed Grinder
  3020 | D:4      | Reached skill level 10 in Fighting
  3020 | D:4      | Reached XP level 8. HP: 60/79 MP: 8/8
  3221 | D:4      | Noticed Sigmund
  3237 | D:4      | Killed Sigmund
  3301 | D:4      | Noticed Duvessa
  3321 | D:4      | Killed Duvessa
  3422 | D:4      | Got a scintillating wooden ring
  3430 | D:4      | Identified the ring of Uste {Ice Int+4} (You found it on
                  | level 4 of the Dungeon)
  3545 | D:5      | Entered Level 5 of the Dungeon
  3572 | D:5      | Reached skill level 5 in Armour
  3620 | D:5      | Found a sparkling altar of Nemelex Xobeh.
  3662 | D:5      | Noticed a hippogriff
  3670 | D:5      | Killed a hippogriff
  3752 | D:5      | Found a staircase to the Ecumenical Temple.
  3807 | Temple   | Entered the Ecumenical Temple
  4004 | D:5      | Became a worshipper of Nemelex Xobeh the Trickster
  4049 | D:5      | Received a gift from Nemelex Xobeh
  4129 | D:5      | Found a hazy altar of Hepliaklqana.
  4130 | D:5      | Found a shadowy altar of Dithmenos.
  4131 | D:5      | Noticed a shadow
  4210 | D:5      | Found a sacrificial altar of Ru.
  4222 | D:5      | Found a stormy altar of Qazlal.
  4226 | D:5      | Found a corrupted altar of Lugonu.
  4531 | D:6      | Found a white marble altar of Elyvilon.
  4556 | D:6      | Reached * piety under Nemelex Xobeh
  4598 | D:6      | Reached skill level 1 in Invocations
  4598 | D:6      | Reached XP level 9. HP: 78/86 MP: 8/10
  4705 | D:6      | Found a basalt altar of Yredelemnul.
  5539 | D:7      | Found an ornate altar of the Wu Jian Council.
  5950 | D:8      | Found a staircase to the Lair.
  6071 | D:8      | Received a gift from Nemelex Xobeh
  6146 | D:8      | Reached ** piety under Nemelex Xobeh
  6171 | D:8      | Noticed a two-headed ogre
  6191 | D:8      | HP: 4/86 [two-headed ogre/cursed -3 giant spiked club (12)]
  6193 | D:8      | Killed a two-headed ogre
  6194 | D:8      | Reached skill level 11 in Fighting
  6194 | D:8      | Reached skill level 5 in Invocations
  6194 | D:8      | Reached XP level 10. HP: 5/95 MP: 12/14
  6433 | D:8      | Found a staircase to the Orcish Mines.
  6439 | D:8      | Noticed a kobold demonologist
  6458 | D:8      | Noticed a rust devil
  6464 | D:8      | Killed a kobold demonologist
  6640 | D:8      | Received a gift from Nemelex Xobeh
  7524 | D:8      | Got a pitted ivory ring
  7733 | D:9      | Found Xoanor's Antique Weapon Boutique.
  7914 | D:9      | Received a gift from Nemelex Xobeh
  8010 | D:9      | Reached XP level 11. HP: 102/102 MP: 17/17
  8083 | D:9      | Reached *** piety under Nemelex Xobeh
  8263 | Lair:1   | Entered Level 1 of the Lair of Beasts
  8265 | Lair:1   | Identified the ring "Fouqyif" {Wiz +Inv} (You found it on
                  | level 8 of the Dungeon)
  8399 | Lair:1   | Noticed a six-headed hydra
  8412 | Lair:1   | Killed a six-headed hydra
  8589 | Lair:1   | Noticed a six-headed hydra
  8610 | Lair:1   | Killed a six-headed hydra
  8707 | Lair:1   | Noticed Joseph
  8743 | Lair:1   | Killed Joseph
  8744 | Lair:1   | Reached skill level 12 in Fighting
  8871 | Lair:1   | Noticed Harold
  8972 | Lair:1   | Noticed a seven-headed hydra
  8982 | Lair:1   | Killed a seven-headed hydra
  9235 | Lair:1   | Killed Harold
  9236 | Lair:1   | Reached skill level 10 in Invocations
  9422 | Lair:1   | Noticed Prince Ribbit
  9431 | Lair:1   | Noticed Grum
  9436 | Lair:1   | Reached XP level 12. HP: 110/113 MP: 19/19
  9449 | Lair:1   | Killed Prince Ribbit
  9450 | Lair:1   | Reached skill level 1 in Shields
  9464 | Lair:1   | Killed Grum
  9959 | Lair:2   | Noticed yrara's ghost (novice DsFi)
  9960 | Lair:2   | Found a transporter.
 10034 | Lair:2   | Found a staircase to the Snake Pit.
 10034 | Lair:2   | Noticed a sphinx
 10045 | Lair:2   | Killed a sphinx
 10046 | Lair:2   | Reached skill level 10 in Armour
 10119 | Lair:2   | Reached skill level 5 in Dodging
 10395 | Lair:2   | Reached skill level 13 in Fighting
 10420 | Lair:2   | Received a gift from Nemelex Xobeh
 10538 | Lair:2   | Found a staircase to the Shoals.
 10596 | Lair:2   | Noticed an alligator
 10722 | Lair:2   | Found a transporter.
 10740 | Lair:2   | Noticed a five-headed hydra
 10749 | Lair:2   | Killed a five-headed hydra
 10919 | Lair:2   | Reached XP level 13. HP: 119/122 MP: 21/21
 11334 | Lair:3   | Reached **** piety under Nemelex Xobeh
 11571 | Lair:3   | Found a runed translucent door.
 11578 | Lair:3   | Noticed Huasawuy's ghost (journeyman TrWz)
 11588 | Lair:3   | Reached skill level 5 in Shields
 11769 | Lair:3   | Reached skill level 1 in Evocations
 11869 | Lair:3   | Received a gift from Nemelex Xobeh
 12977 | Lair:4   | Received a gift from Nemelex Xobeh
 13339 | Lair:4   | Noticed Josephine
 13967 | Lair:5   | Reached ***** piety under Nemelex Xobeh
 14217 | Lair:5   | Reached skill level 14 in Fighting
 14340 | Lair:5   | Received a gift from Nemelex Xobeh
 14576 | Lair:5   | Reached XP level 14. HP: 90/132 MP: 23/23
 14765 | Lair:5   | Received a gift from Nemelex Xobeh
 15029 | Lair:5   | Received a gift from Nemelex Xobeh
 15209 | Lair:6   | Entered Level 6 of the Lair of Beasts
 15630 | Lair:6   | Found a viscous altar of Jiyva.
 15640 | Lair:6   | Found a staircase to the Slime Pits.
 15670 | Lair:6   | Received a gift from Nemelex Xobeh
 16391 | Lair:6   | Reached skill level 5 in Evocations
 17018 | Lair:6   | Received a gift from Nemelex Xobeh
 17216 | Lair:4   | Killed Josephine
 17468 | Orc      | Entered the Orcish Mines
 17468 | Orc      | Found Malac Atz's General Store.
 17469 | Orc      | Noticed Erica
 17471 | Orc      | Noticed Urug
 17526 | D:10     | Entered Level 10 of the Dungeon
 17554 | D:10     | Found a flagged portal.
 17560 | Bailey   | Entered a bailey
 18152 | D:10     | Received a gift from Nemelex Xobeh
 18541 | D:10     | Found a runed translucent gate.
 18542 | D:10     | Found a runed translucent gate.
 18543 | D:10     | Found a runed translucent gate.
 18544 | D:10     | Noticed Quickbrownfox's ghost (journeyman FrVM)
 18713 | D:11     | Reached XP level 15. HP: 94/139 MP: 25/25
 18966 | D:11     | Received a gift from Nemelex Xobeh
 18971 | D:11     | Reached skill level 15 in Fighting
 19226 | D:11     | Reached ****** piety under Nemelex Xobeh
 19344 | D:11     | Received a gift from Nemelex Xobeh
 19579 | D:12     | Entered Level 12 of the Dungeon
 20662 | D:12     | Found a gate to the Vaults.
 20930 | D:12     | Received a gift from Nemelex Xobeh
 21323 | D:12     | Found a staircase to the Depths.
 21479 | Snake:1  | Entered Level 1 of the Snake Pit
 21906 | Snake:1  | Received a gift from Nemelex Xobeh
 22206 | Snake:1  | Killed from afar by a salamander mystic

Skill      XL: |  1  2  3  4  5  6  7  8  9 10 11 12 13 14 15 |
---------------+----------------------------------------------+-----
Fighting       | 2 9 10 11 12 13 14 15 | 15.5
Armour         | 1 2 3 5 7 8 9 10 | 10.0
Invocations    | 1 5 8 10 11 12 13 14 | 14.6
Dodging        | 4 5 6 7 |  7.0
Shields        | 4 6 8 9 |  9.7
Evocations     | 3 5 7 |  7.3
Short Blades   | | 15.5
Long Blades    | | 15.5
Axes           | | 15.5
Maces & Flails | | 15.5
Polearms       | | 15.5
Staves         | | 15.5
Stealth        | |  2.6
Unarmed Combat | | 15.5

Action                   |  1- 3 |  4- 6 |  7- 9 | 10-12 | 13-15 || total
-------------------------+-------+-------+-------+-------+-------++-------
Melee: Whip              |   118 |    22 |       |       |       ||   140
       Punch             |     1 |     2 |    14 |    45 |    21 ||    83
       Trident           |       |    97 |       |   401 |  1620 ||  2118
       War axe           |       |    51 |   254 |   227 |    83 ||   615
       Flail             |       |       |       |       |    10 ||    10
Invok: Triple Draw       |       |       |       |       |     1 ||     1
 Abil: Draw Destruction  |       |       |     2 |       |       ||     2
       Draw Summoning    |       |       |       |     1 |     2 ||     3
Evoke: Wand              |       |       |       |     5 |     5 ||    10
  Use: Potion            |     1 |     2 |       |       |     2 ||     5
       Scroll            |       |     1 |       |     9 |    17 ||    27
 Stab: Sleeping          |     8 |       |       |       |       ||     8
       Distracted        |       |       |       |       |     1 ||     1
  Eat: Chunk             |     4 |     8 |    17 |    28 |    59 ||   116
       Ration            |       |       |     1 |     1 |     1 ||     3
Armor: Robe              |    46 |     1 |       |       |       ||    47
       Plate armour      |       |    82 |   155 |   403 |   799 ||  1439
Dodge: Dodged            |    66 |    39 |    91 |   265 |   435 ||   896
Block: Medium shield     |       |       |       |       |   481 ||   481
